 Dungeon Crawl Stone Soup version 0.32-a0-928-g1cae6b7ea0 (webtiles) character file.

Game seed: 7756474835286187202

261 GnomeSayin the Trooper (level 6, 0/47 HPs)
             Began as a Djinni Monk on Apr 12, 2024.
             Splashed by a jelly's acid (8 damage)
             ... in a sewer.
             The game lasted 00:17:56 (2243 turns).

GnomeSayin the Trooper (Djinni Monk)                Turns: 2243, Time: 00:17:56

Health: 0/47       AC:  0    Str: 10    XL:     6   Next: 41%
Gold:   100        EV:  8    Int: 13    God:
                   SH:  0    Dex: 16

rFire   + + .        a - +0 falchion
rCold   x . .        d - orb {light}
rNeg    . . .        i - +0 scale mail
rPois   ∞            (no helmet)
rElec   .            f - +0 cloak
rCorr   .            (no gloves)
SInv    .            (boots unavailable)
Will    .....        (no amulet) Stlth
                     (no ring)
HPRegen 0.27/turn    (no ring)

%: infuse magic (-1 HP)
@: corroded, flying, glowing
A: sickness immunity, fire resistance 2, cold vulnerability 1, float, innate
caster, HP casting, extra vitality 1
a: no special abilities


You were in a sewer.
You visited 1 branch of the dungeon, and saw 3 of its levels.
You also visited: Sewer.

You collected 100 gold pieces.

Inventory:

Hand Weapons
 a - a +0 falchion (weapon)
 j - a +0 trident
 m - a +0 shortbow
Missiles
 e - 18 stones (quivered)
 n - a throwing net
Armour
 b - a +0 robe
 d - an orb of light (worn)
 f - a +0 cloak (worn)
 i - a +0 scale mail (worn)
Talismans
 h - a beast talisman
Scrolls
 g - a scroll of fog
 k - a scroll of immolation {unknown}
 l - a scroll of poison
 o - a scroll of blinking {unknown}
Potions
 c - a potion of ambrosia
 p - a potion of attraction {unknown}
 q - a potion of magic {unknown}
 r - a potion of invisibility {unknown}


   Skills:
 + Level 4.3 Fighting
 - Level 4.0 Long Blades
 - Level 0.5 Ranged Weapons
 - Level 1.0 Armour
 - Level 4.0 Dodging
 - Level 2.0 Spellcasting
 - Level 2.0 Conjurations
 - Level 2.0 Hexes
 - Level 2.0 Summonings
 - Level 2.0 Necromancy
 - Level 2.0 Translocations
 - Level 2.0 Fire Magic
 - Level 2.0 Ice Magic
 - Level 2.0 Air Magic
 - Level 2.0 Earth Magic
 - Level 2.0 Alchemy


You knew the following spells:

 Your Spells              Type           Power      Damage    Failure   Level
a - Necrotise             Necr           24%        1d5       61%         1
b - Lesser Beckoning      Tloc           12%        N/A       75%         2
Your spell library was empty.

Dungeon Overview and Level Annotations

Branches:
Dungeon (3/15)              Sewer (1/1)

Altars:
Trog


Innate Abilities, Weirdness & Mutations

You are immune to sickness and miasma.
You are immune to poison.
Your flesh is very heat resistant. (rF++)
You are vulnerable to cold. (rC-)
You float through the air rather than walking.
You learn spells naturally, not from books.
Your magical power is your life essence.
You have superior vitality. (+4 MHP)


Message History

Press: ? - help, Dir - move target, f/p - Pargi
Aim: Pargi (almost dead, haloed, about 29% to evade your +0 trident)
You reach to attack!
You puncture Pargi!
You kill Pargi!
Training target 4.0 for Long Blades reached!
Your Long Blades skill increases to level 4!
You need to enable at least one skill for training.
You have reached level 6!
There is a broken door here.
You now have 100 gold pieces (gained 15).
r - a sapphire potion You reach down and open the door.
There is an open door here.
You see here a giant cockroach corpse.
There is a broken door here.
e - 18 stones (gained 7)
a - a +0 falchion (weapon)
There is a broken door here.
You reach down and open the door.
A jelly comes into view.
The jelly quivers.
The jelly attacks as it pursues you! The jelly hits you but does no damage.
The jelly attacks as it pursues you! The jelly hits you but does no damage.
You hit the jelly but do no damage. The acid corrodes you!
Your hands burn!
The jelly hits you.
You are splashed with acid.
You hit the jelly but do no damage.
Your hands burn!
The jelly closely misses you.
You hit the jelly.
Your hands burn!
The jelly is lightly wounded.
The jelly hits you but does no damage.
You hit the jelly. The acid corrodes you!
Your hands burn!
The jelly is moderately wounded.
The jelly hits you.
You are splashed with acid!
The jelly hits you.
You are splashed with acid.
* * * LOW HITPOINT WARNING * * *
The jelly barely misses you. The jelly attacks as it pursues you!
The jelly hits you.
* * * LOW HITPOINT WARNING * * *
You are splashed with acid!
You die...

#~≈~# #~≈~#
#~≈~# #~≈~#
#~≈~# #~≈~#
#~≈~#
#####.†.#####
#..'.~@~.'..#
##.#.~J~.####
##.#.~≈~.#
#..'.†≈~.'..#
####.~≈~.####
#.~≈~.#
+.~≈~.+
#.~≈~.#
####.~≈~.#


You could see a jelly.

Vanquished Creatures
  Pargi (Sewer)
  An orc priest (D:2)
  2 orc wizards (D:2)
  An adder (D:3)
  2 river rats (D:3)
  A ribbon worm (D:1)
  A dart slug (D:2)
  2 orcs (D:2)
  4 ball pythons
  6 endoplasms
  3 giant cockroaches
  A goblin (D:2)
  7 hobgoblins
  5 kobolds
  2 quokkas
  6 bats
  6 frilled lizards
  8 rats
59 creatures vanquished.

Notes
Turn   | Place    | Note
-------+----------+-------------------------------------------
     0 | D:1      | GnomeSayin the Djinni Monk began the quest for the Orb.
     0 | D:1      | Reached XP level 1. HP: 20/20 MP: 0/0
   187 | D:1      | Reached XP level 2. HP: 25/25 MP: 0/0
   415 | D:1      | Found a faded altar of an unknown god.
   541 | D:1      | Reached XP level 3. HP: 30/30 MP: 0/0
   541 | D:1      | Learned a level 1 spell: Necrotise
   986 | D:2      | Reached XP level 4. HP: 36/37 MP: 0/0
  1321 | D:2      | Found a bloodstained altar of Trog.
  1389 | D:2      | Reached skill level 1 in Spellcasting
  1389 | D:2      | Reached skill level 1 in Conjurations
  1389 | D:2      | Reached skill level 1 in Hexes
  1389 | D:2      | Reached skill level 1 in Summonings
  1389 | D:2      | Reached skill level 1 in Necromancy
  1389 | D:2      | Reached skill level 1 in Translocations
  1389 | D:2      | Reached skill level 1 in Fire Magic
  1389 | D:2      | Reached skill level 1 in Ice Magic
  1389 | D:2      | Reached skill level 1 in Air Magic
  1389 | D:2      | Reached skill level 1 in Earth Magic
  1389 | D:2      | Reached skill level 1 in Alchemy
  1482 | D:2      | Reached XP level 5. HP: 38/41 MP: 0/0
  1482 | D:2      | Learned a level 2 spell: Lesser Beckoning
  2075 | D:3      | Reached skill level 1 in Armour
  2121 | D:3      | Found a glowing drain.
  2169 | Sewer    | Entered a sewer
  2173 | Sewer    | Noticed Pargi
  2204 | Sewer    | Killed Pargi
  2205 | Sewer    | Reached XP level 6. HP: 47/47 MP: 0/0
  2243 | Sewer    | Splashed by a jelly's acid

Illustrated notes

Levels and vault maps discovered:
D:1:      nzn_arrival_water_spiral, layout_loops_ring,
          shapermc_ecumenical_altar_mp_urbaneastern
D:2:      layout_loops_cross, basic_altar
D:3:      layout_basic, portal_sewer_entry_e, uniq_terence
Sewer:    kennysheep_door_sewer

Skill      XL: |  1  2  3  4  5 |
---------------+----------------+-----
Long Blades    | 3 4 |  4.0
Fighting       | 4 |  4.3
Dodging        | 4 |  4.0
Spellcasting   | 1 2 |  2.0
Conjurations   | 1 2 |  2.0
Hexes          | 1 2 |  2.0
Summonings     | 1 2 |  2.0
Necromancy     | 1 2 |  2.0
Translocations | 1 2 |  2.0
Fire Magic     | 1 2 |  2.0
Ice Magic      | 1 2 |  2.0
Air Magic      | 1 2 |  2.0
Earth Magic    | 1 2 |  2.0
Alchemy        | 1 2 |  2.0
Armour         | 1 |  1.0
Ranged Weapons | |  0.5

Action                     |  1- 3 |  4- 6 || total
---------------------------+-------+-------++-------
  Melee: Falchion          |    83 |   101 ||   184
         Trident           |       |     8 ||     8
  Throw: Stone             |     7 |       ||     7
    Use: Scroll            |       |     2 ||     2
 Armour: Robe              |    12 |       ||    12
         Scale mail        |    16 |    69 ||    85
  Dodge: Dodged            |    26 |    34 ||    60

Table legend: (Time is in decaauts)
 A = Elapsed time spent in this place.
 B = Non-inter-level travel time spent in this place.
 C = Inter-level travel time spent in this place.
 D = Time resting spent in this place.
 E = Time spent auto-exploring this place.
 F = Levels seen in this place.
 G = Mean time per level.
                   A        B        C        D        E       F      G
               +--------+--------+--------+--------+--------+-----+--------+
         Total |   2273 |   1686 |    587 |    183 |    699 |   4 |  568.2 |
       Dungeon |   2196 |   1609 |    587 |    183 |    699 |   3 |  732.0 |
         Sewer |     76 |     76 |      0 |      0 |      0 |   1 |   76.0 |
               +--------+--------+--------+--------+--------+-----+--------+

Top non-repeatable levels by time:
     D:2: 1045 daAuts
     D:1: 997 daAuts
     D:3: 153 daAuts
   Sewer: 76 daAuts
